 Dungeon Crawl Stone Soup version 0.30-a0-1043-g60ff8d5f49 (webtiles) character file.

Game seed: 10142156413201444528

4 Arcadio the Sneak (level 1, -1/14 HPs)
             Began as a Kobold Delver on Apr 9, 2023.
             Was an Initiate of Ru.
             Slain by an orc
             ... wielding a +0 whip
              (2 damage)
             ... on level 4 of the Dungeon.
             The game lasted 00:01:43 (368 turns).

Arcadio the Sneak (Kobold Delver)                    Turns: 368, Time: 00:01:44

Health: -1/14      AC:  3    Str:  9    XL:     1   Next: 66%
Magic:  1/1        EV: 15    Int: 11    God:    Ru [......]
Gold:   25         SH:  0    Dex: 22    Spells: 0/0 levels left

rFire   . . .      SeeInvis .    a - +0 short sword
rCold   . . .      Faith    .    (no shield)
rNeg    . . .      Spirit   .    b - +0 leather armour
rPois   .          Reflect  .    (no helmet)
rElec   .          Rampage  .    (no cloak)
rCorr   .                        (no gloves)
Will    .....                    (no boots)
Stlth   +++++                    (no amulet)
HPRegen 0.22/turn                l - +6 ring of dexterity
MPRegen 0.07/turn                (no ring)

@: no status effects
A: small, no large weapons, nightstalker 3
a: Renounce Religion


You were on level 4 of the Dungeon.
You worshipped Ru.
Ru was noncommittal.
You visited 1 branch of the dungeon, and saw 2 of its levels.

You collected 25 gold pieces.

Inventory:

Hand Weapons
 a - a +0 short sword (weapon)
Armour
 b - a +0 leather armour (worn)
Jewellery
 l - a +6 ring of dexterity (left hand)
Wands
 g - a wand of digging (3)
Scrolls
 c - a scroll of fog
 d - a scroll of magic mapping
 e - a scroll of fear
 h - a scroll of enchant armour {unknown}
 i - a scroll of brand weapon {unknown}
 j - a scroll of teleportation {unknown}
 m - a scroll of torment {unknown}
Potions
 f - a potion of haste
 k - a potion of berserk rage {unknown}


   Skills:
 + Level 3.4 Fighting
 + Level 2.8 Short Blades
 + Level 2.5 Dodging
 - Level 6.6 Stealth


You couldn't memorise any spells.
You didn't know any spells.
Your spell library was empty.

Dungeon Overview and Level Annotations

Branches:
Dungeon (5/15) Zot: 11633
 Temple: D:4-7

Altars:
Ru


Innate Abilities, Weirdness & Mutations

You are small and have problems with some larger weapons.
You are completely attuned to the shadows.


Message History

The orc throws a poisoned dart.
The poisoned dart misses you.
The orc throws a poisoned dart.
The poisoned dart closely misses you.
The orc throws a poisoned dart.
The poisoned dart closely misses you.
An orc comes into view.
It is wielding a +0 falchion and quivering boomerangs of dispersal.
The orc hits you with a +0 trident.
The orc shouts!
You hit the orc.
The orc is heavily wounded.
You hear a shout!
You hit the orc.
You kill the orc!
The orc closely misses you.
Items here: ( ) [ †.
You closely miss the orc. The orc hits you with a +0 falchion.
You hit the orc.
The orc is moderately wounded.
The orc misses you.
You closely miss the orc.
The orc is moderately wounded.
An orc comes into view. It is wielding a +0 flail.
The orc barely misses you.
You hit the orc but do no damage.
The orc is moderately wounded.
The orc misses you.
You hit the orc.
The orc is heavily wounded.
The orc misses you.
You closely miss the orc.
The orc is heavily wounded.
The orc completely misses you.
You hit the orc.
You kill the orc!
An orc comes into view.
It is wielding a +0 whip and wearing a +2 scale mail of cold resistance.
The orc hits you with a +0 whip.
* * * LOW HITPOINT WARNING * * *
The orc barely misses you. The orc attacks as you move away!
The orc hits you with a +0 whip.
* * * LOW HITPOINT WARNING * * *
The orc attacks as you move away! The orc hits you with a +0 whip.
You die...

......# ##..#.#
#### .# #..#)#
...#.# #..#)#
###....#.#
#.##.#
....#..#.#
#.##.# #.>..#.#
#.##.#
##.#.#.####.##.#
#....@o....##.#
###....o......#
#############


You could see 2 orcs.

Vanquished Creatures
  2 orcs (D:4)
2 creatures vanquished.

Notes
Turn   | Place    | Note
-------+----------+-------------------------------------------
     0 | D:5      | Arcadio the Kobold Delver began the quest for the Orb.
     0 | D:5      | Reached XP level 1. HP: 14/14 MP: 1/1
   103 | D:5      | Noticed a jelly
   205 | D:5      | Noticed a killer bee
   215 | D:5      | Noticed a hornet
   222 | D:5      | Noticed a killer bee
   223 | D:5      | Noticed a sleepcap
   263 | D:5      | Found a sacrificial altar of Ru.
   268 | D:5      | Became a worshipper of Ru the Awakened
   368 | D:4      | Slain by an orc

Illustrated notes

Levels and vault maps discovered:
D:4:      layout_loops_ring
D:5:      layout_loops_ring, nicolae_ru_path_of_blood, gammafunk_ghost_hive

Action                     || total
---------------------------++-------
  Melee: Short sword       ||     9
  Dodge: Dodged            ||    11

Table legend: (Time is in decaauts)
 A = Elapsed time spent in this place.
 B = Non-inter-level travel time spent in this place.
 C = Inter-level travel time spent in this place.
 D = Time resting spent in this place.
 E = Time spent auto-exploring this place.
 F = Levels seen in this place.
 G = Mean time per level.
                   A        B        C        D        E       F      G
               +--------+--------+--------+--------+--------+-----+--------+
         Total |    366 |    366 |      0 |      0 |    120 |   2 |  183.0 |
       Dungeon |    366 |    366 |      0 |      0 |    120 |   2 |  183.0 |
               +--------+--------+--------+--------+--------+-----+--------+

Top non-repeatable levels by time:
     D:5: 309 daAuts
     D:4: 56 daAuts
